PCL
SACRAMENTO RIVER CATS @ LAS VEGAS 51S
07/05/2098
 
TOP OF THE 1ST
Sacramento River Cats batting - Pitching for Las Vegas 51s : RHP Jose Garza
Pitching: RHP Jose Garza
Batting: LHB Sergio Almanza 0-0: Ball
1-0: Ball
2-0: SOLO HOME RUN (Flyball, 7LD, EV 94.4 MPH), Distance : 338 ft
Batting: RHB Chris Strong 0-0: Called Strike
0-1: Ball
1-1: Ground out 6-3 (Groundball, 6, EV 106.9 MPH)
Batting: LHB Steve Ferguson 0-0: Ball
1-0: Foul Ball, location: 23FF
1-1: Ball
2-1: DOUBLE (Groundball, 3L, EV 94.4 MPH)
Batting: LHB Andy VanAsselberg 0-0: Fly out, F9 (Flyball, 9LS, EV 86.3 MPH)
Batting: RHB Kenny Giancola 0-0: Ball
1-0: Called Strike
1-1: Foul Ball, location: 2F
1-2: Ball
2-2: Ball
3-2: Strikes out swinging
Top of the 1st over - 1 run, 2 hits, 0 errors, 1 left on base; Sacramento 1 - Las Vegas 0
BOTTOM OF THE 1ST
Las Vegas 51s batting - Pitching for Sacramento River Cats : LHP Jeremiah Allen
Pitching: LHP Jeremiah Allen
Batting: RHB Tommy Gallant 0-0: Ball
1-0: Ball
2-0: Fly out, F3 (Popup, 3F, EV 66.3 MPH)
Batting: RHB Omar Munoz 0-0: Fly out, F5 (Popup, 5SF, EV 70.0 MPH)
Batting: RHB Jeremy Brant 0-0: Ball
1-0: Ball
2-0: Ball
3-0: Called Strike
3-1: Swinging Strike
3-2: Base on Balls
Batting: RHB Yutaka Higashi 0-0: Ball
Jeremy Brant is caught stealing 2nd base 2-4
Bottom of the 1st over - 0 runs, 0 hits, 0 errors, 0 left on base; Sacramento 1 - Las Vegas 0
TOP OF THE 2ND
Sacramento River Cats batting - Pitching for Las Vegas 51s : RHP Jose Garza
Batting: RHB Miles Carr 0-0: Fly out, F7 (Line Drive, 78M, EV 88.1 MPH)
Batting: RHB Elvin Reiss 0-0: Ground out 5-3 (Groundball, 56S, EV 80.0 MPH)
Batting: LHB Antonio Corral 0-0: Called Strike
0-1: Ground out 4-3 (Groundball, 4M, EV 85.0 MPH)
Top of the 2nd over - 0 runs, 0 hits, 0 errors, 0 left on base; Sacramento 1 - Las Vegas 0
BOTTOM OF THE 2ND
Las Vegas 51s batting - Pitching for Sacramento River Cats : LHP Jeremiah Allen
Batting: RHB Yutaka Higashi 0-0: Ball
1-0: Foul Ball, location: 2F
1-1: Called Strike
1-2: Strikes out swinging
Batting: RHB Joseph Burgess 0-0: Called Strike
0-1: Foul Ball, location: 25F
0-2: Foul Ball, location: 2F
0-2: Ball
1-2: Fly out, F9 (Flyball, 9, EV 92.5 MPH)
Batting: SHB Jose Chavarria 0-0: Called Strike
0-1: Ball
1-1: Swinging Strike
1-2: Ball
2-2: Strikes out swinging
Bottom of the 2nd over - 0 runs, 0 hits, 0 errors, 0 left on base; Sacramento 1 - Las Vegas 0
TOP OF THE 3RD
Sacramento River Cats batting - Pitching for Las Vegas 51s : RHP Jose Garza
Batting: SHB Jody Tomko 0-0: Called Strike
0-1: Foul Ball, location: 2F
0-2: Foul Ball, location: 2F
0-2: Strikes out looking
Batting: LHB Sergio Almanza 0-0: Bunt missed!
0-1: Ball
1-1: Ball
2-1: Ball
3-1: Foul Ball, location: 3F
3-2: Base on Balls
Batting: RHB Chris Strong 0-0: Called Strike
0-1: Foul Ball, location: 7LMF
0-2: Foul Ball, location: 2F
0-2: Ball
1-2: Ball
2-2: Fly out, F4 (Popup, 23, EV 88.8 MPH)
Batting: LHB Steve Ferguson 0-0: Ball
Sergio Almanza is caught stealing 2nd base 2-6
Top of the 3rd over - 0 runs, 0 hits, 0 errors, 0 left on base; Sacramento 1 - Las Vegas 0
BOTTOM OF THE 3RD
Las Vegas 51s batting - Pitching for Sacramento River Cats : LHP Jeremiah Allen
Batting: RHB Mike Marek 0-0: Called Strike
0-1: Ball
1-1: Ball
2-1: Fly out, F6 (Popup, 6M, EV 58.8 MPH)
Batting: RHB Ken Lopez 0-0: Called Strike
0-1: Ball
1-1: DOUBLE (Line Drive, 9LS, EV 95.0 MPH)
Batting: RHB Gil Cruz 0-0: Ball
1-0: Swinging Strike
1-1: Ball
2-1: Foul Ball, location: 9LDF
2-2: Ground out 5-3 (Groundball, 5, EV 83.1 MPH)
Ken Lopez to third
Batting: RHB Tommy Gallant 0-0: Called Strike
0-1: Fly out, F5 (Popup, 56S, EV 71.3 MPH)
Bottom of the 3rd over - 0 runs, 1 hit, 0 errors, 1 left on base; Sacramento 1 - Las Vegas 0
TOP OF THE 4TH
Sacramento River Cats batting - Pitching for Las Vegas 51s : RHP Jose Garza
Batting: LHB Steve Ferguson 0-0: Called Strike
0-1: Foul Ball, location: 2F
0-2: Ball
1-2: Foul Ball, location: 3FF
1-2: Ball
2-2: Ball
3-2: Ground out 6-3 (Groundball, 56, EV 102.5 MPH)
Batting: LHB Andy VanAsselberg 0-0: Swinging Strike
0-1: Called Strike
0-2: Fly out, F8 (Flyball, 8RD, EV 106.3 MPH)
Batting: RHB Kenny Giancola 0-0: Called Strike
0-1: Ball
1-1: Fly out, F9 (Flyball, 9D, EV 103.8 MPH)
Top of the 4th over - 0 runs, 0 hits, 0 errors, 0 left on base; Sacramento 1 - Las Vegas 0
BOTTOM OF THE 4TH
Las Vegas 51s batting - Pitching for Sacramento River Cats : LHP Jeremiah Allen
Batting: RHB Omar Munoz 0-0: Ball
1-0: Ball
2-0: Ball
3-0: Called Strike
3-1: Swinging Strike
3-2: Fly out, F9 (Flyball, 89D, EV 93.1 MPH)
Batting: RHB Jeremy Brant 0-0: Ball
1-0: Ball
2-0: Ball
3-0: Called Strike
3-1: Base on Balls
Batting: RHB Yutaka Higashi 0-0: Ball
Wild Pitch!
Jeremy Brant to second
1-0: Swinging Strike
1-1: Ball
2-1: Foul Ball, location: 9LDF
2-2: Strikes out swinging
Batting: RHB Joseph Burgess 0-0: Ball
1-0: Called Strike
1-1: 2-RUN HOME RUN (Flyball, 78XD, EV 110.6 MPH), Distance : 404 ft
Batting: SHB Jose Chavarria 0-0: Ball
1-0: Called Strike
1-1: Ball
2-1: SINGLE (Line Drive, 78S, EV 108.8 MPH)
Batting: RHB Mike Marek 0-0: Called Strike
0-1: Ground out 4-3 (Groundball, 13, EV 86.9 MPH)
Bottom of the 4th over - 2 runs, 2 hits, 0 errors, 1 left on base; Sacramento 1 - Las Vegas 2
TOP OF THE 5TH
Sacramento River Cats batting - Pitching for Las Vegas 51s : RHP Jose Garza
Batting: RHB Miles Carr 0-0: Ball
1-0: Called Strike
1-1: Foul Ball, location: 9LSF
1-2: Ball
2-2: Strikes out looking
Batting: RHB Elvin Reiss 0-0: Called Strike
0-1: Foul Ball, location: 2F
0-2: Ball
1-2: Strikes out swinging
Batting: LHB Antonio Corral 0-0: Called Strike
0-1: Ball
1-1: SINGLE (Groundball, 4MD, EV 96.9 MPH)
Batting: SHB Jody Tomko 0-0: Called Strike
Antonio Corral is caught stealing 2nd base 2-6
Top of the 5th over - 0 runs, 1 hit, 0 errors, 0 left on base; Sacramento 1 - Las Vegas 2
BOTTOM OF THE 5TH
Las Vegas 51s batting - Pitching for Sacramento River Cats : LHP Jeremiah Allen
Batting: RHB Ken Lopez 0-0: Called Strike
0-1: Ball
1-1: Foul Ball, location: 3F
1-2: Foul Ball, location: 2F
1-2: Ground out 4-3 (Groundball, 4, EV 83.8 MPH)
Batting: RHB Gil Cruz 0-0: Ball
1-0: Called Strike
1-1: Ball
2-1: Ball
3-1: Called Strike
3-2: Base on Balls
Batting: RHB Tommy Gallant 0-0: Ball
1-0: Ball
2-0: DOUBLE (Line Drive, 3D, EV 97.5 MPH)
Gil Cruz to third
Batting: RHB Omar Munoz 0-0: Ball
1-0: Ground out 1-3 (Groundball, 15S, EV 63.1 MPH)
Batting: RHB Jeremy Brant 0-0: Intentional Walk
Batting: RHB Yutaka Higashi 0-0: Ball
1-0: Called Strike
1-1: Ball
2-1: Ball
3-1: Base on Balls
Gil Cruz scores
Tommy Gallant to third
Jeremy Brant to second
Batting: RHB Joseph Burgess 0-0: Called Strike
0-1: Ball
1-1: Swinging Strike
1-2: Strikes out swinging
Bottom of the 5th over - 1 run, 1 hit, 0 errors, 3 left on base; Sacramento 1 - Las Vegas 3
TOP OF THE 6TH
Sacramento River Cats batting - Pitching for Las Vegas 51s : RHP Jose Garza
Batting: SHB Jody Tomko 0-0: Called Strike
0-1: SINGLE (Groundball, 6M, EV 97.5 MPH) (infield hit)
Batting: LHB Sergio Almanza 0-0: Ball
1-0: Called Strike
1-1: Fly out, F9 (Flyball, 9LMF, EV 100.6 MPH)
Batting: RHB Chris Strong 0-0: Foul Ball, location: 9LSFF
0-1: Ball
1-1: Ball
2-1: Called Strike
2-2: Foul Ball, location: 7LSFF
2-2: Ball
3-2: Grounds into double play, 6-4-3 (Groundball, 6, EV 81.9 MPH)
Top of the 6th over - 0 runs, 1 hit, 0 errors, 0 left on base; Sacramento 1 - Las Vegas 3
BOTTOM OF THE 6TH
Las Vegas 51s batting - Pitching for Sacramento River Cats : LHP Jeremiah Allen
Batting: SHB Jose Chavarria 0-0: Called Strike
0-1: Ball
1-1: Ground out 6-3 (Groundball, 6, EV 85.6 MPH)
Pitching: RHP Josh Burr
Batting: RHB Mike Marek 0-0: Ball
1-0: Ball
2-0: Swinging Strike
2-1: Ball
3-1: Called Strike
3-2: Foul Ball, location: 5FF
3-2: Ground out 5-3 (Groundball, 5, EV 76.9 MPH)
Batting: RHB Ken Lopez 0-0: Ball
1-0: Ground out 3-1 (Groundball, 34S, EV 83.8 MPH)
Bottom of the 6th over - 0 runs, 0 hits, 0 errors, 0 left on base; Sacramento 1 - Las Vegas 3
TOP OF THE 7TH
Sacramento River Cats batting - Pitching for Las Vegas 51s : RHP Jose Garza
Batting: LHB Steve Ferguson 0-0: Ball
1-0: Ground out 4-3 (Groundball, 34, EV 84.4 MPH)
Batting: LHB Andy VanAsselberg 0-0: Swinging Strike
0-1: Ball
1-1: Foul Ball, location: 2F
1-2: Foul Ball, location: 7LSF
1-2: Fly out, F6 (Popup, 6M, EV 55.0 MPH)
Batting: RHB Kenny Giancola 0-0: Ball
1-0: Called Strike
1-1: Ball
2-1: SINGLE (Groundball, 3D, EV 96.3 MPH)
Pitching: RHP Aaron Comer
Batting: RHB Miles Carr 0-0: Swinging Strike
0-1: Swinging Strike
0-2: Ball
1-2: Foul Ball, location: 2LF
1-2: Fly out, F9 (Line Drive, 9LS, EV 91.9 MPH)
Top of the 7th over - 0 runs, 1 hit, 0 errors, 1 left on base; Sacramento 1 - Las Vegas 3
BOTTOM OF THE 7TH
Las Vegas 51s batting - Pitching for Sacramento River Cats : RHP Josh Burr
Batting: RHB Gil Cruz 0-0: Foul Ball, location: 9LSF
0-1: Ball
1-1: Ground out 4-3 (Groundball, 4M, EV 91.9 MPH)
Batting: RHB Tommy Gallant 0-0: Called Strike
0-1: Swinging Strike
0-2: Strikes out swinging
Batting: RHB Omar Munoz 0-0: Swinging Strike
0-1: Fly out, F8 (Flyball, 8RD, EV 109.4 MPH)
Bottom of the 7th over - 0 runs, 0 hits, 0 errors, 0 left on base; Sacramento 1 - Las Vegas 3
TOP OF THE 8TH
Sacramento River Cats batting - Pitching for Las Vegas 51s : RHP Aaron Comer
Batting: RHB Elvin Reiss 0-0: Called Strike
0-1: Foul Ball, location: 25FF
0-2: Ball
1-2: Strikes out swinging
Batting: LHB Antonio Corral 0-0: Called Strike
0-1: Ball
1-1: Fly out, F7 (Flyball, 7S, EV 98.8 MPH)
Batting: SHB Jody Tomko 0-0: Ball
1-0: Fly out, F8 (Flyball, 8LD, EV 102.5 MPH)
Top of the 8th over - 0 runs, 0 hits, 0 errors, 0 left on base; Sacramento 1 - Las Vegas 3
BOTTOM OF THE 8TH
Las Vegas 51s batting - Pitching for Sacramento River Cats : RHP Josh Burr
Pitching: LHP Nick Webb
Batting: RHB Jeremy Brant 0-0: Called Strike
0-1: Ground out 3-1 (Groundball, 34, EV 85.6 MPH)
Batting: RHB Yutaka Higashi 0-0: Ball
1-0: Called Strike
1-1: Foul Ball, location: 25FF
1-2: Ball
2-2: Strikes out looking
Batting: RHB Joseph Burgess 0-0: Swinging Strike
0-1: Foul Ball, location: 23FF
0-2: Strikes out swinging
Bottom of the 8th over - 0 runs, 0 hits, 0 errors, 0 left on base; Sacramento 1 - Las Vegas 3
TOP OF THE 9TH
Sacramento River Cats batting - Pitching for Las Vegas 51s : RHP Aaron Comer
Now at 1B: Adam Mamo
Batting: LHB Sergio Almanza 0-0: Called Strike
0-1: Swinging Strike
0-2: Ball
1-2: Strikes out swinging
Batting: RHB Chris Strong 0-0: Called Strike
0-1: Fly out, F8 (Flyball, 8LD, EV 101.9 MPH)
Batting: LHB Steve Ferguson 0-0: DOUBLE (Line Drive, 78D, EV 98.1 MPH)
Batting: LHB Andy VanAsselberg 0-0: Ball
1-0: Ball
2-0: Ball
3-0: Called Strike
3-1: Swinging Strike
3-2: Foul Ball, location: 3F
3-2: Ground out U3 (Groundball, 3, EV 86.3 MPH)
Top of the 9th over - 0 runs, 1 hit, 0 errors, 1 left on base; Sacramento 1 - Las Vegas 3
Monday, April 8th , 2024 - OOTP Baseball 24.11 Build 85